 Dungeon Crawl Stone Soup version 0.19.0-18-g426998a (webtiles) character file.

130 kroki the Chopper (level 5, -1/41 HPs)
             Began as a Formicid Fighter on Nov 11, 2016.
             Slain by an orc
             ... wielding a +0 flail
              (6 damage)
             ... on level 3 of the Dungeon.
             The game lasted 00:01:34 (2455 turns).

kroki the Chopper (Formicid Fighter)                Turns: 2455, Time: 00:01:35

Health: -1/41      AC:  9    Str: 22    XL:     5   Next: 36%
Magic:  5/5        EV:  8    Int:  8    God:
Gold:   81         SH:  9    Dex: 11    Spells: 0 memorised, 4 levels left

rFire  . . .     SeeInvis +     a - +0 war axe
rCold  . . .     Gourm    .     b - +0 scale mail
rNeg   . . .     Faith    .     c - +0 shield
rPois  +         Spirit   .     (helmet unavailable)
rElec  .         Reflect  .     m - +1 cloak {rPois}
rCorr  .         Harm     .     (no gloves)
MR     .....                    (no boots)
Stlth  ..........               (no amulet)
                                s - ring of flight {+Fly, !d}
                                p - +2 ring of strength

@: no status effects
A: permanent stasis, dig shafts and tunnels, four strong arms, antennae 3
a: Dig, Shaft Self, Evoke Flight


You were on level 3 of the Dungeon.
You were not hungry.

You visited 1 branch of the dungeon, and saw 3 of its levels.

You collected 81 gold pieces.

Inventory:

Hand Weapons
 a - a +0 war axe (weapon)
 t - a +3 quarterstaff of chaos
   (You took it off Crazy Yiuf on level 2 of the Dungeon)
Armour
 b - a +0 scale mail (worn)
 c - a +0 shield (worn)
 m - a +1 cloak of poison resistance (worn)
   (You took it off Crazy Yiuf on level 2 of the Dungeon)
Jewellery
 g - an uncursed ring of fire {rF+, rC-}
   (You found it on level 1 of the Dungeon)
 p - a +2 ring of strength (left hand)
   (You found it on level 2 of the Dungeon)
 s - a ring of flight (right hand) {+Fly, !d}
   (You found it on level 2 of the Dungeon)
Wands
 i - a wand of iceblast (10/15)
   (You found it on level 1 of the Dungeon)
Scrolls
 n - a scroll of remove curse
 u - 2 scrolls of amnesia
 v - a scroll of identify
Potions
 d - a potion of might
 e - 2 potions of haste {unknown}
 h - a potion of mutation {!q}
 o - 2 potions of curing {unknown}
 q - a potion of cure mutation {unknown}
 r - a potion of magic
Comestibles
 f - 3 bread rations {@e1}
 j - 2 chunks of flesh {@w0}
 k - 3 beef jerkies
 l - 2 meat rations {@e2}


   Skills:
 - Level 3.2 Fighting
 + Level 5.1 Axes
 - Level 3.2 Armour
 - Level 3.6 Shields


You had 4 spell levels left.
You didn't know any spells.

Dungeon Overview and Level Annotations

Branches:
Dungeon (3/15)

Altars:
Hepliaklqana


Innate Abilities, Weirdness & Mutations

You are under a permanent stasis effect.
You can dig through walls and to a lower floor.
Your four strong arms can wield two-handed weapons with a shield.
You have a pair of large antennae on your head. (SInv)


Message History

The orc wizard hits you but does no damage.
The orc wizard gestures at you while chanting.
The magic dart hits you!
There are monsters nearby!
You completely miss the orc wizard. You barely miss the orc wizard.
You closely miss the orc.
The orc wizard hits you but does no damage.
You block the orc's attack.
The orc wizard points at you and mumbles some strange words.
The magic dart hits you! You block the orc wizard's attack.
The orc hits you with a hand axe of chopping.
The orc wizard hits you but does no damage.
There are monsters nearby!
You are too injured to fight recklessly!
There are monsters nearby!
You are too injured to fight recklessly!
There are monsters nearby!
You are too injured to fight recklessly!
There are monsters nearby!
You are too injured to fight recklessly!
There are monsters nearby!
You are too injured to fight recklessly!
There are monsters nearby!
You are too injured to fight recklessly!
There are monsters nearby!
You are too injured to fight recklessly!
There are monsters nearby!
You are too injured to fight recklessly!
There are monsters nearby!
You are too injured to fight recklessly!
There are monsters nearby!
You are too injured to fight recklessly!
There are monsters nearby!
You are too injured to fight recklessly!
There are monsters nearby!
You are too injured to fight recklessly!
There are monsters nearby!
You are too injured to fight recklessly!
There are monsters nearby!
You are too injured to fight recklessly!
There are monsters nearby!
You are too injured to fight recklessly!
There are monsters nearby!
You are too injured to fight recklessly!
There are monsters nearby!
You are too injured to fight recklessly!
There are monsters nearby!
You are too injured to fight recklessly!
There are monsters nearby!
You are too injured to fight recklessly!
There are monsters nearby!
You are too injured to fight recklessly!
There are monsters nearby!
You are too injured to fight recklessly!
There are monsters nearby!
You are too injured to fight recklessly!
Unknown command.
You take 16 damage, and have 25/41 hp.
MASSIVE DAMAGE!!
As you read the scroll of identify, it crumbles to dust.
r - a potion of magic The orc wizard looks braver for a moment.
The orc wizard hits you but does no damage.
That item cannot be evoked!
Okay, then.
Unknown command.
You hit the orc. You hit the orc wizard. x2
The orc hits you but does no damage. You block the orc wizard's attack.
You block the orc's attack.
You hit the orc. You barely miss the orc. You slash the orc wizard!
You hit the orc wizard. The orc wizard casts a spell at you.
You block the puff of flame. The orc hits you with a mace.
The orc wizard casts a spell.
The orc wizard blinks!
You block the orc's attack.
You take 3 damage, and have 23/41 hp.
You slash the orc!
You kill the orc!
You slash the orc!
You kill the orc!
You hit the orc wizard.
The orc wizard hits you but does no damage.
The orc wizard points at you and mumbles some strange words.
The magic dart hits you!
* * * LOW HITPOINT WARNING * * *
You block the orc wizard's attack.
Some of the chunks of flesh in your inventory have rotted away.
You take 11 damage, and have 12/41 hp.
MASSIVE DAMAGE!!
You closely miss the orc. You closely miss the orc wizard.
The orc hits you but does no damage.
The orc wizard gestures at you while chanting.
The magic dart hits you!
* * * LOW HITPOINT WARNING * * *
The orc wizard gestures at you while chanting.
The magic dart hits you!
You take 7 damage, and have 5/41 hp.
You hit the orc but do no damage. You barely miss the orc wizard.
The orc hits you with a flail.
You die...

####..# #.# ....(..
#.....####+#####.# .......
#...........%..#.# .......
#...........o....##.......
#.##.###### #.............
#.##.# #.............
#.##.########...........##
#...............[)......#
#.##............@########
#.#############)oo....#
#.##### #....$..# #.)...#
#.......# ...##.#
#.=)....# ...+..#
#......... ...####
#......... ...# #.........
...#


You could see 2 orc wizards and an orc.

Vanquished Creatures
  Crazy Yiuf (D:2)
  2 adders (D:3)
  4 worms
  2 dart slugs (D:2)
  2 leopard geckos (D:2)
  3 orcs (D:3)
  6 bats
  14 giant cockroaches
  8 goblins
  3 hobgoblins
  2 jackals (D:1)
  A quokka (D:2)
  2 frilled lizards
  4 kobolds
  4 rats
58 creatures vanquished.

Notes
Turn   | Place    | Note
-------+----------+-------------------------------------------
     0 | D:1      | kroki the Formicid Fighter began the quest for the Orb.
     0 | D:1      | Reached XP level 1. HP: 18/18 MP: 1/1
   245 | D:1      | Reached XP level 2. HP: 19/24 MP: 2/2
   991 | D:2      | Reached skill level 3 in Axes
  1211 | D:2      | Reached XP level 3. HP: 27/29 MP: 3/3
  1422 | D:2      | Reached skill level 4 in Axes
  1422 | D:2      | Reached XP level 4. HP: 26/35 MP: 4/4
  1904 | D:2      | Found a runed door.
  1940 | D:2      | Noticed Crazy Yiuf
  1942 | D:2      | Killed Crazy Yiuf
  2045 | D:3      | Reached XP level 5. HP: 39/41 MP: 5/5
  2251 | D:3      | Reached skill level 5 in Axes
  2370 | D:3      | Found a hazy altar of Hepliaklqana.
  2454 | D:3      | HP: 5/41 [orc wizard/magic dart (7)]
  2455 | D:3      | Slain by an orc

Skill      XL: |  1  2  3  4  5 |
---------------+----------------+-----
Axes           | 3 4 5 |  5.1
Fighting       | |  3.2
Armour         | |  3.2
Shields        | |  3.6

Action                   |  1- 3 |  4- 6 || total
-------------------------+-------+-------++-------
Melee: War axe           |   125 |    74 ||   199
Evoke: Wand              |       |     2 ||     2
  Use: Scroll            |     5 |     2 ||     7
  Eat: Chunk             |     2 |     3 ||     5
Armor: Scale mail        |    47 |    28 ||    75
Dodge: Dodged            |    28 |    17 ||    45
Block: Shield            |    68 |    35 ||   103

Vault maps used:
D:1:      evilmike_arrival_crescent, hangedman_decor_push, minivault_5,
          kennysheep_flooded_box, minmay_misc_feat_square
D:2:      minmay_roachtagon, first_bread, uniq_crazy_yiuf_cottage
D:3:      zin_angel, nicolae_overflow_hidden_temple, nicolae_ru_path_of_blood

Table legend:
 A = Turns spent in this place as a percentage of turns spent in the entire game.
 B = Non-inter-level travel turns spent in this place as a percentage of non-inter-level travel turns spent in the entire game.
 C = Inter-level travel turns spent in this place as a percentage of turns spent in this place.
 D = Turns resting spent in this place as a percentage of non-inter-level travel turns spent in this place.
 E = Turns spent auto-exploring this place as a percentage of non-inter-level travel turns spent in this place.
 F = Non-inter-level travel turns spent in this place divided by the number of levels of this place that you've seen.
                   A       B       C       D       E      F
               +-------+-------+-------+-------+-------+----------------------
         Total | 100.0 | 100.0 |   0.2 |   0.0 |  16.1 | 376.7
       Dungeon | 100.0 | 100.0 |   0.2 |   0.0 |  16.1 | 376.7
               +-------+-------+-------+-------+-------+----------------------

Table legend:
 A = Kills in this place as a percentage of kills in entire the game.
 B = Kills by you in this place as a percentage of kills by you in the entire game.
 C = Kills by friends in this place as a percentage of kills by friends in the entire game.
 D = Other kills in this place as a percentage of other kills in the entire game.
 E = Experience gained in this place as a percentage of experience gained in the entire game.
 F = Experience gained in this place divided by the number of levels of this place that you have seen.
                   A       B       C       D       E      F
               +-------+-------+-------+-------+-------+----------------------
         Total | 100.0 | 100.0 |  -nan |  -nan | 100.0 |  62.0
       Dungeon | 100.0 | 100.0 |  -nan |  -nan | 100.0 |  62.0
               +-------+-------+-------+-------+-------+----------------------
